 Dungeon Crawl Stone Soup version bcrawl-1.27.5 (console) character file.

Game seed: 7802928736603593268

113073 FIQ the Sneak (level 3, -1/26 HPs)
             Began as a Demonspawn Archaeologist on Aug 13, 2020.
             Slain by a worm (9 damage)
             ... on level 2 of the Dungeon.
             The game lasted 00:02:31 (1374 turns).

FIQ the Sneak (Demonspawn Archaeologist)            Turns: 1374, Time: 00:02:31

Health: -1/26      AC:  6    Str: 12    XL:     3   Next: 41%
Magic:  3/3        EV: 12    Int: 15    God:
Gold:   49         SH:  0    Dex: 11    Spells: 2/2 levels left

rFire    + . .     SeeInvis .     - Claws (7.8)
rCold    . . .     Gourm    .   (no shield)
rNeg     . . .     Faith    .   b - +1 robe
rPois    .         Spirit   .   c - +1 hat
rElec    .         Reflect  .   (no cloak)
rCorr    +         Harm     .   (no gloves)
MR       .....                  d - +1 pair of boots
Stlth    ++........             (no amulet)
HPRegen  0.08/turn              o - ring of resist corrosion
MPRegen  0.08/turn              (no ring)

@: no status effects
A: claws 1, hooves 1, fire resistance 1
a: no special abilities


You were on level 2 of the Dungeon.
You were hungry.

You visited 1 branch of the dungeon, and saw 2 of its levels.

You collected 49 gold pieces.

Inventory:

Hand Weapons
 a - a +0 whip
Armour
 b - a +1 robe (worn)
 c - a +1 hat (worn)
 d - a +1 pair of boots (worn)
Jewellery
 o - a ring of resist corrosion (left claw)
Scrolls
 g - a scroll of magic mapping
 i - 4 scrolls of fear {unknown}
 m - 3 scrolls of enchant armour {unknown}
 n - 2 scrolls of teleportation {unknown}
 p - a scroll of remove curse {unknown}
 q - a scroll of enchant weapon {unknown}
 s - a scroll of noise {unknown}
Potions
 h - a potion of haste {unknown}
 j - 2 potions of curing
 r - 2 potions of cancellation
Miscellaneous
 f - a dusty tome
Comestibles
 e - 2 rations {!d}


   Skills:
 - Level 1.0 Fighting
 - Level 1.9 Maces & Flails
 - Level 2.6 Dodging
 - Level 3.0 Stealth
 + Level 2.2 Unarmed Combat


You had 2 spell levels left.
You didn't know any spells.
Your spell library was empty.

Dungeon Overview and Level Annotations

Branches:
Dungeon (2/12)

Altars:


Innate Abilities, Weirdness & Mutations

You have sharp fingernails.
You have large cloven feet.
Your flesh is heat resistant. (rF+)


Message History

The worm bites you.
You scratch the worm.
The worm is severely wounded.
You scratch the worm.
The worm is severely wounded.
The worm misses you.
You scratch the worm.
The worm is severely wounded.
You barely miss the worm.
The worm is severely wounded.
The worm closely misses you.
You scratch the worm but do no damage.
The worm is severely wounded.
The worm bites you!
You barely miss the worm.
The worm is severely wounded.
You scratch the worm but do no damage.
The worm is severely wounded.
The worm bites you!
You die...

..# .. #####..
..... .... #..#
#..# #..# #.w#
#.@#
############..#
#........)....#
#.###########.#
####.# #.# .....#
#.# ####.# #.#
##.## #.#
###...##########.#
.................#
###...#######.####


You could see a worm.

Vanquished Creatures
  3 dart slugs (D:1)
  A leopard gecko (D:1)
  3 giant cockroaches
  7 goblins
  4 hobgoblins (D:1)
  A jackal (D:2)
  A quokka (D:2)
  A ball python (D:1)
  4 bats
  2 frilled lizards (D:1)
  6 kobolds
  2 rats (D:1)
35 creatures vanquished.

Notes
Turn   | Place    | Note
-------+----------+-------------------------------------------
     0 | D:1      | FIQ the Demonspawn Archaeologist began the quest for the
                  | Orb.
     0 | D:1      | Reached XP level 1. HP: 15/15 MP: 1/1
    32 | D:1      | Reached skill level 1 in Maces & Flails
   187 | D:1      | Gained mutation: You have sharp fingernails. [demonic
                  | ancestry]
   187 | D:1      | Reached XP level 2. HP: 21/21 MP: 2/2
   278 | D:1      | Reached skill level 1 in Unarmed Combat
   391 | D:1      | Reached XP level 3. HP: 21/26 MP: 3/3
  1118 | D:2      | Gained mutation: Your flesh is heat resistant. (rF+)
                  | [potion of mutation]
  1118 | D:2      | Gained mutation: You have large cloven feet. [potion of
                  | mutation]
  1374 | D:2      | Slain by a worm

Skill      XL: |  1  2  3 |
---------------+----------+-----
Maces & Flails | 1 |  1.9
Unarmed Combat | 1 2 |  2.2
Fighting       | |  1.0
Dodging        | |  2.6
Stealth        | |  3.0

Action                   || total
-------------------------++-------
Melee: Whip              ||    26
       Unarmed           ||   119
  Use: Potion            ||     4
 Stab: Sleeping          ||     4
  Eat: Chunk             ||     4
Armor: Robe              ||    40
Dodge: Dodged            ||    83
